[Event "XVI Memorial Lezcano Montalvo 2024"]
[Site "Gran Canaria"]
[Date "2024.03.31"]
[Round "9.3"]
[White "Fiorito, Fabian"]
[Black "Kovchan, Alexander"]
[Result "1-0"]
[ECO "A15"]
[WhiteElo "2251"]
[BlackElo "2477"]
[Annotator "TA"]
[PlyCount "97"]
[EventDate "2024.03.23"]
[EventType "swiss"]
[EventCountry "ESP"]
[SourceTitle "playchess.com"]
[Source "ChessBase"]
[SourceQuality "1"]
[TimeControl "5400+30"]

1. Nf3 Nf6 2. c4 g6 3. b3 Bg7 4. Bb2 O-O 5. g3 d6 6. Bg2 e5 7. d3 a5 8. a3 Na6 9. O-O Re8 10. Nbd2 Bd7 11. Qc2 c5 12. Ng5 Bc6 13. Nge4 Nh5 14. e3 Nc7 15. Rae1 f5 16. Nc3 Nf6 17. a4 Bxg2 18. Kxg2 Qd7 19. e4 f4 20. Nd5 Ncxd5 (20... Qf7 $11 {is superior.}) 21. cxd5 $14 g5 22. f3 g4 $2 (22... Nh5 $16) 23. Nc4 $18 Rad8 24. fxg4 (24. Nxa5 $6 Kh8 $16) (24. gxf4 $18 {and White stays clearly on top.} exf4 25. fxg4 (25. Nxa5 gxf3+ 26. Rxf3 Qg4+ 27. Kf2 Qh5 $15)) 24... Qxg4 $16 25. Qe2 (25. Nxa5 $6 fxg3 26. Qe2 Qg6 $11 (26... gxh2+ 27. Qxg4 Nxg4 28. Nc4 $11)) 25... Qg6 26. Rf3 (26. Nxa5 fxg3 27. Bc1 (27. Nxb7 Rd7 $17) (27. hxg3 Nh5 $17) 27... Nh5 $11 (27... gxh2+ 28. Kxh2 Ng4+ 29. Kh3 $16)) 26... Nh5 27. Bc1 (27. Nxa5 fxg3 28. Bc1 Rf8 29. Rxg3 (29. Nxb7 $2 Rxf3 30. Qxf3 Rf8 $19) 29... Nxg3 30. hxg3 Rf7 $11) 27... Bh6 (27... Rf8 $14) 28. g4 $16 (28. Nxa5 Kh8 29. Qd2 (29. Nxb7 $2 Rd7 $17) 29... Rg8 $15) 28... Kh8 29. h3 (29. Nxa5 Qxg4+ 30. Kh1 Rg8 $17) ({Better is} 29. Rh3 $16 Nf6 30. Rg1 (30. Rh4 Rf8 $11)) 29... Ng3 30. Qd2 (30. Rxg3 {seems wilder.} fxg3 31. Bxh6 Qxh6 32. Qe3) 30... Bg5 31. Qxa5 (31. Rxg3 $11 f3+ 32. Rxf3 Bxd2 33. Bxd2) 31... h5 $17 32. Qc7 {[%emt 0:03:06] [#]} (32. Qc3 $17 {is a better defense.} Kh7 33. Rxg3) 32... hxg4 $2 (32... Bh4 $1 $19 33. Bb2 (33. Qxb7 $2 hxg4 34. hxg4 Nh5 $19) 33... hxg4 34. hxg4 (34. Rxf4 $2 gxh3+ 35. Kxh3 Nh5 $19) 34... Nxe4 (34... Qxg4 $2 35. Nxe5 dxe5 36. Bxe5+ Kg8 37. Rxf4 $18) 35. Rxf4 Bxe1 36. dxe4 Kg8 37. Bxe5 dxe5 38. Nxe5 Qg7 39. Qxg7+ Kxg7) 33. hxg4 Bh4 34. Rxg3 $1 fxg3 (34... Qg7 $5 35. Qxg7+ Kxg7 $16) 35. Ne3 Rf8 36. Nf5 $1 Rf7 $1 (36... Qxg4 $2 37. Bh6 Rg8 38. Qf7 $18) 37. Qxf7 (37. Nxh4 $5 Qf6 (37... Rxc7 $2 38. Nxg6+ Kg8 39. Kxg3 $18) 38. Qxf7 (38. Ng6+ $2 Kg7 $19) 38... Qxf7 39. Nf5 $11) 37... Qxf7 38. Rh1 $1 Qc7 $1 (38... Qh7 $2 39. Rxh4 $18 (39. Nxh4 Kg8 $11) (39. Nxh4 Qc7 $11)) 39. Rxh4+ Kg8 40. Rh6 (40. Nxg3 $2 Qb6 41. Nf5 Qxb3 42. Nh6+ Kf8 $19) (40. Kxg3 Qa5 41. Nh6+ Kf8 $17) 40... Rd7 41. Rg6+ Kf7 $2 {[%emt 0:00:52][%mdl 8192] [#]} (41... Kh7 $11 42. Rh6+ Kg8) 42. Re6 $1 $18 Qa5 43. g5 $1 Kg8 44. g6 $1 (44. Rxd6 $2 Rxd6 45. Nxd6 Qe1 $19) 44... Qd8 45. Bg5 Qa8 46. Bf6 b5 47. Re7 Qf8 48. Rxd7 Qxf6 49. Rb7 ({And not} 49. Nxg3 Qg5 $11 (49... Qxg6 50. axb5 Qe8 51. Rb7 $11) (49... bxa4 50. bxa4 Qxg6 51. a5 $11)) 1-0

[Event "XVI Memorial Lezcano Montalvo 2024"]
[Site "Gran Canaria"]
[Date "2024.03.31"]
[Round "9.4"]
[White "Lianes Garcia, Marcos"]
[Black "Omelja, Artem"]
[Result "1-0"]
[ECO "B01"]
[WhiteElo "2398"]
[BlackElo "2438"]
[Annotator "TA"]
[PlyCount "127"]
[EventDate "2024.03.23"]
[EventType "swiss"]
[EventCountry "ESP"]
[SourceTitle "playchess.com"]
[Source "ChessBase"]
[SourceQuality "1"]
[TimeControl "5400+30"]

1. e4 d5 2. exd5 Qxd5 3. Nc3 Qa5 4. d4 Nf6 5. Nf3 Bg4 6. h3 Bh5 7. g4 Bg6 8. b4 Qb6 {[%emt 0:14:15] B01: Scandinavian Defence.} 9. a3 Nbd7 10. Bg2 Qc6 $146 ({Predecessor:} 10... O-O-O 11. Qe2 e6 12. O-O Nd5 13. Na4 Qc6 14. Nc5 Bxc5 15. bxc5 e5 16. c4 Qa6 17. Nxe5 Nxe5 18. dxe5 h5 19. Rd1 c6 20. Bg5 Rde8 21. Bxd5 f6 22. Be4 {1-0 Herzog,K (1915)-Tacke,H (1980) GER ML-280 email 2008}) 11. Bd2 Ne4 12. Nh4 Nxc3 13. Bxc6 Nxd1 14. Bxd7+ Kxd7 15. Nxg6 hxg6 16. Rxd1 e6 17. c4 Bd6 18. Kf1 f6 19. Kg2 g5 20. Rhe1 c6 21. a4 Ke7 22. Bc3 Kf7 23. Re2 Rae8 24. Rb1 Re7 25. Rbe1 Rc8 26. Rb1 Bf4 27. Rbe1 b6 28. Rb1 a6 29. Ra1 Rd8 30. Rae1 b5 31. c5 bxa4 32. Ra1 e5 33. dxe5 Rd3 34. Bb2 a3 35. Bxa3 Rxe5 ({Much worse is} 35... fxe5 36. Bb2 $14) 36. Rc2 Re4 37. Bb2 Rxb4 38. Rxa6 Rbb3 39. Bc1 Rxh3 40. Bxf4 gxf4 41. Rxc6 $2 (41. Ra7+ $11 {and White has nothing to worry.} Kg6 42. Rc4) 41... Rh4 $1 $19 42. Rb6 Rbh3 (42... Rxg4+ $19 {is more deadly.} 43. Kf1 Ra3) 43. Kf1 {[%emt 0:00:12] [#]} f3 (43... Ra3 $1 $17 {[%cal Of4f3] ( -> ...f3!)} 44. Ke1 Rh1+ 45. Ke2 (45. Kd2 Rf1 $17) 45... f3+ 46. Kd2 Rh2) 44. Ke1 Rxg4 45. Kd2 Re4 46. Rb7+ Kg6 47. Kd3 Re8 $2 (47... Re2 $11) 48. c6 $18 Rhh8 49. Rd7 (49. c7 $18) 49... Ra8 $2 {[%emt 0:00:46] [#]} (49... Re1 $16 {might work better.}) 50. c7 (50. Ke4 $1 $18) 50... Rhc8 $2 (50... Rhe8 $16 {keeps fighting.} 51. Rc3 Rec8) 51. Ke4 $18 f5+ 52. Kxf3 Kf6 53. Rc6+ Ke5 54. Rxg7 Ra3+ 55. Kg2 Rd3 56. Re7+ (56. Rgg6 $142) 56... Kf4 $2 (56... Kd5 57. Rf6 Rg8+ 58. Kf1 Rc3 59. Rxf5+ Kd6) 57. Rc4+ $18 Kg5 58. Re3 Rd7 59. Rec3 Rd5 60. Kg3 Rd7 (60... Kf6 $142 61. Rc6+ Kf7) 61. Rc6 $18 Rd4 62. R3c4 Rd3+ 63. f3 f4+ 64. Rxf4 1-0

[Event "XVI Memorial Lezcano Montalvo 2024"]
[Site "Gran Canaria"]
[Date "2024.03.31"]
[Round "9.5"]
[White "Strikovic, Aleksa"]
[Black "Loiacono, Leonardo"]
[Result "1/2-1/2"]
[ECO "B20"]
[WhiteElo "2430"]
[BlackElo "2316"]
[Annotator "TA"]
[PlyCount "94"]
[EventDate "2024.03.23"]
[EventType "swiss"]
[EventCountry "ESP"]
[SourceTitle "playchess.com"]
[Source "ChessBase"]
[SourceQuality "1"]
[TimeControl "5400+30"]

1. e4 e6 2. d3 c5 3. g3 Nc6 4. Bg2 g6 5. f4 Bg7 6. Nf3 Nge7 7. O-O d6 8. c3 b5 {[%emt 0:07:34] B20: Sicilian: Unusual White 2nd moves.} 9. Be3 b4 10. d4 d5 11. e5 $146 ({Predecessor:} 11. exd5 Nxd5 12. Bf2 O-O 13. Ne5 Nxe5 14. dxe5 Ba6 15. Bxc5 Bxf1 16. Qxf1 Qc7 17. cxb4 {½-½ Donev,I (2390)-Bezler,R (2278) AUT-chT2W 0102 2001 (3.1)}) 11... c4 12. Nbd2 a5 13. g4 h5 14. h3 Bd7 15. Bf2 a4 16. a3 bxc3 17. bxc3 Na5 18. Ra2 Nb3 19. Nb1 hxg4 20. hxg4 Nc6 21. Qe1 Bf8 22. Bh4 Be7 23. Bg5 Bxg5 24. Nxg5 Qe7 25. Qe3 O-O-O 26. Bf3 Rdg8 27. Rh2 Rxh2 28. Kxh2 Na7 (28... Rh8+ {is more complex.} 29. Kg3 Na7 30. Qe2 Be8) 29. Kg3 Nb5 (29... Rh8 {looks sharper.} 30. Qe2 Kc7 31. Qg2 Nb5) 30. Rh1 Be8 31. Rh7 (31. Qe2 $11 {keeps the balance.}) 31... Nxa3 $17 32. Nxa3 Qxa3 33. Nxf7 $2 (33. Ne4 $17 {was called for.} Qc1 (33... dxe4 34. Qxe4 Nd2 35. Qa8+ Kd7 36. Bc6+ Ke7 37. Qb7+ Kd8 38. Bxe8 $11) 34. Qxc1 Nxc1 35. Nd6+ (35. Nf6 Rf8 $17) 35... Kc7 36. Nxf7 Bxf7 37. Rxf7+ Kb6 38. Re7) 33... Bxf7 $19 34. Rxf7 {[%emt 0:00:02] [#]} Qb2 $1 (34... Qc1 $2 35. Qxc1 Nxc1 36. Ra7 $18) 35. Ra7 Nd2 36. Bg2 (36. Rxa4 $2 {gets mated.} Nf1+ 37. Kh4 g5+ 38. fxg5 Rh8#) ({Don't go for} 36. Ra8+ $2 Kc7 (36... Kb7 $2 37. Rxg8 Nf1+ 38. Kh4 $19) (36... Kb7 $2 37. Rxg8 Nf1+ 38. Kh4 $19)) 36... a3 37. Rxa3 (37. Ra8+ $142 Kb7 38. Rxa3 (38. Rxg8 $2 {too greedy.} a2 $19)) 37... Qxa3 $19 38. Qxd2 Kd7 39. Bf3 Qa1 40. Bd1 Qb1 $2 (40... Kc6 $19 41. Qc2 Kb6) 41. Qh2 $1 $11 Kc6 42. Qh7 Ra8 43. Qe7 Qxd1 44. Qd6+ Kb7 45. Qd7+ Kb8 46. Qd8+ Kb7 47. Qd7+ Kb8 1/2-1/2

[Event "XVI Memorial Lezcano Montalvo 2024"]
[Site "Gran Canaria"]
[Date "2024.03.31"]
[Round "9.6"]
[White "Akhvlediani, Irakli"]
[Black "Fiorito, Francisco"]
[Result "1/2-1/2"]
[ECO "D15"]
[WhiteElo "2356"]
[BlackElo "2368"]
[Annotator "RC"]
[PlyCount "75"]
[EventDate "2024.03.23"]
[EventType "swiss"]
[EventCountry "ESP"]
[SourceTitle "playchess.com"]
[Source "ChessBase"]
[SourceQuality "1"]
[TimeControl "5400+30"]

1. d4 d5 2. c4 c6 3. Nf3 Nf6 4. Nc3 a6 5. e3 b5 6. c5 Nbd7 7. Be2 g6 8. O-O Bg7 9. b4 O-O 10. a4 Rb8 11. axb5 axb5 12. Bb2 Qc7 13. Qc2 Re8 14. Ra5 e5 15. Rfa1 e4 16. Nd2 Nf8 17. Ra7 Rb7 18. Rxb7 Qxb7 19. Bc1 Bd7 20. Qa2 Rb8 21. Nb3 Ne6 22. Qa7 Qc8 23. Qa6 Qc7 24. Bd2 Ne8 25. f3 exf3 26. Bxf3 Ng5 27. Be1 Bc8 28. Qa7 Rb7 29. Qa8 Rb8 30. Qa2 Qe7 31. Qe2 Bf5 32. Bg3 Rc8 33. Ra6 h5 34. Na5 Qd7 35. Rb6 Nf6 36. Rb7 Qe6 37. Bd6 Nfe4 38. Bxe4 1/2-1/2

[Event "XVI Memorial Lezcano Montalvo 2024"]
[Site "Gran Canaria"]
[Date "2024.03.31"]
[Round "9.7"]
[White "Garcia Blanco, Omar"]
[Black "Hernandez Leon, Alberto"]
[Result "1-0"]
[ECO "E94"]
[WhiteElo "2377"]
[BlackElo "2207"]
[Annotator "RC"]
[PlyCount "65"]
[EventDate "2024.03.23"]
[EventType "swiss"]
[EventCountry "ESP"]
[SourceTitle "playchess.com"]
[Source "ChessBase"]
[SourceQuality "1"]
[TimeControl "5400+30"]

1. Nf3 Nf6 2. c4 g6 3. Nc3 Bg7 4. e4 d6 5. d4 O-O 6. Be2 Nbd7 7. O-O e5 8. Be3 c6 9. d5 c5 10. h3 a6 11. g4 h5 12. Ng5 Nh7 13. Qd2 Ndf6 14. gxh5 gxh5 15. Kh2 Qd7 16. Qd3 Kh8 17. Rg1 b5 18. Bd2 Nxg5 19. Rxg5 b4 20. Nd1 Nh7 21. Rxh5 f5 22. exf5 Bf6 23. Ne3 Qf7 24. Rg1 Bd7 25. Rg6 e4 26. Qxe4 Rae8 27. Qg4 Rg8 28. Bd3 Qe7 29. Qf3 Ref8 30. Kh1 Be8 31. Ng4 Bxg6 32. fxg6 Bg5 33. Bxg5 1-0

[Event "XVI Memorial Lezcano Montalvo 2024"]
[Site "Gran Canaria"]
[Date "2024.03.31"]
[Round "9.8"]
[White "Kurajica, Bojan"]
[Black "Lizzul Coppe, Mirko"]
[Result "1-0"]
[ECO "D78"]
[WhiteElo "2444"]
[BlackElo "2027"]
[Annotator "RC"]
[PlyCount "113"]
[EventDate "2024.03.23"]
[EventType "swiss"]
[EventCountry "ESP"]
[SourceTitle "playchess.com"]
[Source "ChessBase"]
[SourceQuality "1"]
[TimeControl "5400+30"]

1. d4 Nf6 2. Nf3 g6 3. g3 Bg7 4. Bg2 d5 5. c4 c6 6. Qb3 O-O 7. O-O Ne4 8. Nc3 Qb6 9. cxd5 Nxc3 10. bxc3 Qxb3 11. axb3 cxd5 12. Ne5 Nc6 13. Nxc6 bxc6 14. Ba3 Bf5 15. Bc5 a5 16. Ra3 Rfb8 17. Rfa1 Bc2 18. Rxa5 Rxa5 19. Rxa5 Bxb3 20. Bxe7 Bc4 21. Bf3 h5 22. Ra1 Rb3 23. Rc1 f5 24. e3 Kf7 25. Bb4 Rb2 26. h3 Bd3 27. g4 hxg4 28. hxg4 Rb1 29. Rxb1 Bxb1 30. gxf5 Bxf5 31. Be2 Bh6 32. Ba6 Ke8 33. Kf1 Kd7 34. Ke2 Bg5 35. f3 Be6 36. Bd3 Bf7 37. Bf8 Ke8 38. Bg7 Kd7 39. Be5 Bh6 40. e4 Bc1 41. Ba6 Ba3 42. Kd3 c5 43. Bb5+ Ke7 44. Bc6 dxe4+ 45. fxe4 cxd4 46. cxd4 Bb4 47. d5 Bc5 48. Bf4 Ba3 49. e5 Kd8 50. e6 Bg8 51. Ke4 Be7 52. Bd7 g5 53. Be5 Bh7+ 54. Kd4 g4 55. d6 Bh4 56. Kd5 Bg8 57. Bd4 1-0

[Event "XVI Memorial Lezcano Montalvo 2024"]
[Site "Gran Canaria"]
[Date "2024.03.31"]
[Round "9.9"]
[White "Fiorito, Joaquin"]
[Black "Pleschke, Julius Jonas"]
[Result "1-0"]
[ECO "E51"]
[WhiteElo "2409"]
[BlackElo "1993"]
[Annotator "TA"]
[PlyCount "111"]
[EventDate "2024.03.23"]
[EventType "swiss"]
[EventCountry "ESP"]
[SourceTitle "playchess.com"]
[Source "ChessBase"]
[SourceQuality "1"]
[TimeControl "5400+30"]

1. d4 Nf6 2. c4 e6 3. Nc3 Bb4 4. e3 O-O 5. Bd2 d5 6. Nf3 c5 7. a3 Bxc3 8. Bxc3 Ne4 9. Rc1 Nxc3 10. Rxc3 cxd4 11. Nxd4 dxc4 12. Bxc4 Bd7 13. Qb3 Nc6 {[%emt 0:29:20] White has an edge.} 14. Qxb7 Rb8 15. Nxc6 Rxb7 16. Nxd8 Rxb2 {[%emt 0:02:14] [#]} 17. Nxe6 $1 Rc8 (17... Bxe6 18. Bd3) 18. Rb3 (18. Ng5 $2 Rb1+ 19. Kd2 Rxh1 $19) (18. Nc5 $1 $14 Rxc5 19. O-O (19. Bxf7+ Kxf7 20. Rxc5 Rb1+ 21. Ke2 Rxh1 $19)) 18... Rxb3 $11 19. Bxb3 Bxe6 {[%emt 0:00:25][%mdl 4096] Endgame. KRB-KRB} 20. Bd1 Rc3 21. a4 Ra3 22. Kd2 Bd7 23. Kc1 Ra2 (23... Bxa4 $2 {loses.} 24. Kb2 Rd3 25. Bxa4 $18) 24. Rf1 Bxa4 25. Kb1 {[%emt 0:00:08] Dodges Ra1+} Bb5 26. Kxa2 Bxf1 {[%emt 0:00:10] KB-KB} 27. Bf3 Kf8 28. Ka3 Ke7 29. Kb4 Kd6 30. Bb7 Kc7 31. Bd5 Kd6 32. Be4 h6 33. g3 g5 34. Bb7 f6 35. Bf3 Bd3 36. Ba8 Bf5 37. Bf3 Be6 38. Kb5 Bc8 39. Bg2 Kc7 40. Kc5 Bd7 41. Bd5 Be8 42. h4 gxh4 43. gxh4 Bd7 44. f4 f5 45. Bb3 a5 46. Kd5 (46. Bc2 $11) 46... a4 $15 47. Ba2 Kb6 $1 48. Kd6 {[%emt 0:02:32] [#]} Bc8 49. Ke5 Kc5 {[%emt 0:00:14] Threatens to win with ...a3.} 50. Kf6 $2 {[%emt 0:01:03][%mdl 8192] [#]} (50. e4 $17 fxe4 51. Kxe4) 50... a3 $2 (50... Kd6 $1 $19 {...Bd7 is the strong threat.} 51. h5 a3) 51. Kg6 $11 {[%emt 0:00:49] The position is equal.} Ba6 52. Kxh6 Bc4 53. Bb1 Bd3 54. Ba2 (54. Bxd3 $2 {too greedy.} a2 55. Bxf5 a1=Q $19 (55... a1=B $2 56. h5 $18)) 54... Bc4 55. Bb1 Bd3 56. Ba2 {[%emt 0:00:21][%mdl 32768] Weighted Error Value: White=0.28 (precise) /Black=0.22 (precise) .  Loses game:     	White=1     	---        Missed win:     	---       	Black=1      Mistake:       	White=2     	---        Inaccurate:     	White=1     	Black=1      OK:         	White=20    	Black=29     Best:        	White=3     	Black=5      Strong:       	---       	Black=1     . Loss on time!?} (56. Bxd3 $2 {is the wrong capture.} a2 57. Bxf5 a1=Q $19 (57... a1=B $2 58. e4 $18)) 1-0

[Event "XVI Memorial Lezcano Montalvo 2024"]
[Site "Gran Canaria"]
[Date "2024.03.31"]
[Round "9.10"]
[White "Van Zyl-Rudd, Jack"]
[Black "Tytynnik, Artem"]
[Result "1/2-1/2"]
[ECO "D40"]
[WhiteElo "2264"]
[BlackElo "2197"]
[Annotator "RC"]
[PlyCount "47"]
[EventDate "2024.03.23"]
[EventType "swiss"]
[EventCountry "ESP"]
[SourceTitle "playchess.com"]
[Source "ChessBase"]
[SourceQuality "1"]
[TimeControl "5400+30"]

1. d4 Nf6 2. c4 e6 3. Nc3 Bb4 4. Qc2 c5 5. dxc5 O-O 6. a3 Bxc5 7. Nf3 Nc6 8. e3 d5 9. b4 Be7 10. Bb2 dxc4 11. Bxc4 a6 12. Ne4 Nxe4 13. Qxe4 Bf6 14. Rd1 Qe7 15. Ne5 Nxe5 16. Bxe5 Bxe5 17. Qxe5 a5 18. Qb5 axb4 19. axb4 Qc7 20. O-O b6 21. Be2 Ba6 22. Qh5 g6 23. Qf3 Bb7 24. Qf6 1/2-1/2

[Event "XVI Memorial Lezcano Montalvo 2024"]
[Site "Gran Canaria"]
[Date "2024.03.31"]
[Round "9.12"]
[White "Mendez Acosta, Alexander Jesus"]
[Black "Sanz Wawer, Daniel"]
[Result "0-1"]
[ECO "A26"]
[WhiteElo "2025"]
[BlackElo "2397"]
[Annotator "TA"]
[PlyCount "58"]
[EventDate "2024.03.23"]
[EventType "swiss"]
[EventCountry "ESP"]
[SourceTitle "playchess.com"]
[Source "ChessBase"]
[SourceQuality "1"]
[TimeControl "5400+30"]

1. c4 e5 2. Nc3 Nc6 3. g3 g6 4. Bg2 Bg7 5. d3 Nge7 6. e4 d6 7. Nge2 Be6 8. Be3 Nd4 9. O-O c6 10. f4 {[%emt 0:00:00] The position is equal.} Qd7 11. Qd2 h5 12. Bf2 h4 13. Nxd4 (13. gxh4 $11 {was preferrable.} Nxe2+ 14. Nxe2) 13... exd4 $15 14. Ne2 hxg3 15. hxg3 (15. Bxg3 $15 O-O-O 16. Rac1) 15... c5 $17 16. Bh1 $2 (16. b4 $17) 16... O-O-O $19 17. b4 Bg4 {[%emt 0:33:30] Wards off Bf3} (17... Rxh1+ $142 18. Kxh1 Rh8+ 19. Kg1 Bh3 20. bxc5 Qg4 (20... Bxf1 $2 21. Kxf1 Qh3+ 22. Ke1 $19)) 18. Bg2 Bh3 $40 {[%emt 0:00:32][%mdl 128] White is in trouble.} 19. Bf3 {[%emt 0:00:00] Against Qg4} Bxf1 20. Kxf1 cxb4 (20... g5 $19 {White must now prevent ...gxf4.} 21. bxc5 dxc5) 21. Qxb4 $15 Nc6 22. Qb5 a6 23. Qg5 (23. Qb2 $15) 23... Qh3+ $1 $17 24. Ke1 {[%emt 0:00:00] [#] Threatens to win with Bg4+.} Qh6 $1 {[%emt 0:00:48] And now ...Qxg5 would win.} 25. Qg4+ Kc7 26. Kd2 $2 (26. a4 $17) 26... Qh3 $2 (26... Ne5 27. Rf1 Nxg4 28. Bxg4 g5) 27. Qg5 $2 {[%emt 0:00:00] [#]} (27. Rc1) 27... Ne5 $1 $19 {[%emt 0:01:33][%mdl 512] Black is clearly winning.} 28. Ng1 {[%emt 0:00:00][%cal Of4e5] aiming for fxe5!} (28. fxe5 Bh6) 28... Qh2 29. Ke2 f6 {[%emt 0:00:09] Weighted Error Value: White=0.90/Black=0.36.  Loses game:     	White=2     	---        Mistake:       	White=4     	Black=3      Inaccurate:     	White=2     	---        OK:         	White=7     	Black=10     Best:        	White=1     	Black=1      Strong:       	---       	Black=2} 0-1

[Event "XVI Memorial Lezcano Montalvo 2024"]
[Site "Gran Canaria"]
[Date "2024.03.31"]
[Round "9.13"]
[White "Barlov, Dragan"]
[Black "Camino Carrio, Nicanor"]
[Result "1-0"]
[ECO "A65"]
[WhiteElo "2387"]
[BlackElo "1962"]
[Annotator "RC"]
[PlyCount "67"]
[EventDate "2024.03.23"]
[EventType "swiss"]
[EventCountry "ESP"]
[SourceTitle "playchess.com"]
[Source "ChessBase"]
[SourceQuality "1"]
[TimeControl "5400+30"]

1. d4 Nf6 2. c4 e6 3. Nc3 c5 4. d5 exd5 5. cxd5 d6 6. e4 g6 7. Bd3 Bg7 8. h3 O-O 9. Nge2 a6 10. a4 Nbd7 11. O-O Re8 12. Ng3 Rb8 13. Be3 Qe7 14. f4 b5 15. axb5 axb5 16. Bf2 c4 17. Bb1 b4 18. Nce2 Nc5 19. Bxc5 dxc5 20. e5 Nd7 21. Ne4 Nxe5 22. d6 Qe6 23. fxe5 Bxe5 24. Nf4 Bxf4 25. Rxf4 f5 26. d7 Bxd7 27. Qxd7 Rbd8 28. Qxe6+ Rxe6 29. Nxc5 Re1+ 30. Kf2 Rc1 31. Nd3 Rxd3 32. Bxd3 Rxa1 33. Rxc4 Rd1 34. Be2 1-0

[Event "XVI Memorial Lezcano Montalvo 2024"]
[Site "Gran Canaria"]
[Date "2024.03.31"]
[Round "9.14"]
[White "Oudeh Mishmesh, Omar"]
[Black "Hernandez Leon, Sergio"]
[Result "0-1"]
[ECO "A25"]
[WhiteElo "2301"]
[BlackElo "2172"]
[Annotator "RC"]
[PlyCount "98"]
[EventDate "2024.03.23"]
[EventType "swiss"]
[EventCountry "ESP"]
[SourceTitle "playchess.com"]
[Source "ChessBase"]
[SourceQuality "1"]
[TimeControl "5400+30"]

1. c4 e5 2. Nc3 Nf6 3. g3 Nc6 4. Bg2 Bb4 5. e4 O-O 6. Nge2 d6 7. O-O a5 8. d3 h6 9. h3 Be6 10. Kh2 Nd7 11. Nd5 Bc5 12. g4 Nd4 13. Ng3 c6 14. Ne3 Qh4 15. f4 exf4 16. Rxf4 Ne5 17. Nef5 Bxf5 18. Nxf5 Nxf5 19. gxf5 Qf6 20. Qe2 a4 21. Rb1 Ra6 22. Be3 Bxe3 23. Qxe3 c5 24. Rf2 Rb6 25. Rg1 Kh7 26. Bf1 Nc6 27. Rgg2 Nb4 28. Be2 Qe5+ 29. Kh1 Nxa2 30. f6 g6 31. Rf5 Qxb2 32. Qg3 Qa1+ 33. Kh2 Rb1 34. Qxd6 Rh1+ 35. Kg3 gxf5 36. Qxf8 Qe5+ 37. Kf2 Qd4+ 38. Kg3 Qxf6 39. Qxc5 f4+ 40. Kg4 Qg6+ 41. Kf3 Rxh3+ 42. Kf2 Qf6 43. Bg4 Qh4+ 44. Ke2 Re3+ 45. Qxe3 fxe3 46. Bf5+ Kh8 47. Kxe3 Nb4 48. Rb2 Qe1+ 49. Kd4 a3 0-1

[Event "XVI Memorial Lezcano Montalvo 2024"]
[Site "Gran Canaria"]
[Date "2024.03.31"]
[Round "9.15"]
[White "Hernando Rodrigo, Jose Maria"]
[Black "Cruz Pino, Adrian"]
[Result "0-1"]
[ECO "E40"]
[WhiteElo "2257"]
[BlackElo "2015"]
[Annotator "RC"]
[PlyCount "72"]
[EventDate "2024.03.23"]
[EventType "swiss"]
[EventCountry "ESP"]
[SourceTitle "playchess.com"]
[Source "ChessBase"]
[SourceQuality "1"]
[TimeControl "5400+30"]

1. d4 Nf6 2. c4 e6 3. Nc3 Bb4 4. e3 Bxc3+ 5. bxc3 b6 6. Qf3 Nc6 7. e4 e5 8. d5 Ne7 9. Bd3 d6 10. Qg3 O-O 11. Ne2 Nd7 12. Bh6 Ng6 13. Bd2 Nc5 14. h4 f5 15. exf5 Bxf5 16. Bxf5 Rxf5 17. h5 Nf4 18. Bxf4 exf4 19. Qf3 Qe8 20. g4 Re5 21. Kf1 Qa4 22. Qxf4 Re4 23. Qd2 Qxc4 24. f3 Rf8 25. Rh3 Re5 26. Rd1 Qxg4 27. Ng1 Rxh5 28. Rxh5 Qxh5 29. Re1 Qf7 30. Re3 Nd7 31. c4 Ne5 32. Qc3 Qf4 33. c5 bxc5 34. Ne2 Qxf3+ 35. Ke1 Qh1+ 36. Kd2 Qxd5+ 0-1

[Event "XVI Memorial Lezcano Montalvo 2024"]
[Site "Gran Canaria"]
[Date "2024.03.31"]
[Round "9.16"]
[White "Estremera Panos, Sergio"]
[Black "Perez Garcia, Jimena"]
[Result "1-0"]
[ECO "E52"]
[WhiteElo "2233"]
[BlackElo "1992"]
[Annotator "RC"]
[PlyCount "75"]
[EventDate "2024.03.23"]
[EventType "swiss"]
[EventCountry "ESP"]
[SourceTitle "playchess.com"]
[Source "ChessBase"]
[SourceQuality "1"]
[TimeControl "5400+30"]

1. d4 Nf6 2. c4 e6 3. Nc3 Bb4 4. e3 b6 5. Bd3 Bb7 6. Nf3 O-O 7. O-O d5 8. cxd5 exd5 9. Ne5 Bd6 10. f4 c5 11. Qf3 Nc6 12. Qh3 g6 13. Kh1 cxd4 14. Nxc6 Bxc6 15. exd4 Re8 16. f5 Ne4 17. fxg6 hxg6 18. Nxe4 Rxe4 19. Bxe4 dxe4 20. Be3 Bd5 21. b3 Be6 22. Qh6 Bf8 23. Qf4 Bd5 24. Rac1 Bd6 25. Qh6 Bf8 26. Qf4 Bd6 27. Qf2 Qe7 28. Bf4 Re8 29. Qe3 Bxf4 30. Rxf4 Kg7 31. h3 Rh8 32. Rcf1 Qd7 33. Kh2 Qe7 34. Kg1 Qd7 35. Rf6 Qe7 36. Qg5 Qd7 37. Qe5 Kg8 38. Rd6 1-0

[Event "XVI Memorial Lezcano Montalvo 2024"]
[Site "Gran Canaria"]
[Date "2024.03.31"]
[Round "9.17"]
[White "Rivero Tacoronte, Gabriel"]
[Black "Blanco Garcia Bajo, David"]
[Result "0-1"]
[ECO "E18"]
[WhiteElo "1831"]
[BlackElo "2004"]
[Annotator "RC"]
[PlyCount "95"]
[EventDate "2024.03.23"]
[EventType "swiss"]
[EventCountry "ESP"]
[SourceTitle "playchess.com"]
[Source "ChessBase"]
[SourceQuality "1"]
[TimeControl "5400+30"]

1. d4 Nf6 2. c4 e6 3. Nf3 b6 4. g3 Bb7 5. Bg2 Be7 6. Nc3 O-O 7. Qc2 d5 8. cxd5 exd5 9. O-O Re8 10. Nh4 Ne4 11. Nf5 Bf6 12. Nb5 c6 13. Bxe4 cxb5 14. Bf3 Nc6 15. Bf4 Nxd4 16. Nxd4 Bxd4 17. Rfd1 Be5 18. Bxe5 Rxe5 19. Rd4 Qc8 20. Qd2 Qe6 21. Rd1 g6 22. Rxd5 Bxd5 23. Bxd5 Rxd5 24. Qxd5 Re8 25. Qxe6 Rxe6 26. Rd2 Rc6 27. Kg2 Kg7 28. Kf3 Kf6 29. e4 Ke6 30. Kf4 h5 31. f3 a5 32. Ke3 Rc5 33. f4 f6 34. Kd3 h4 35. Rc2 hxg3 36. hxg3 Kd6 37. g4 g5 38. e5+ fxe5 39. Rxc5 bxc5 40. fxg5 c4+ 41. Ke4 b4 42. g6 Ke6 43. g5 a4 44. Ke3 b3 45. axb3 cxb3 46. Kd3 e4+ 47. Kc3 e3 48. Kd4 0-1

[Event "XVI Memorial Lezcano Montalvo 2024"]
[Site "Gran Canaria"]
[Date "2024.03.31"]
[Round "9.18"]
[White "Garbezza, Davide"]
[Black "Garcia Padron, Jose"]
[Result "0-1"]
[ECO "E15"]
[WhiteElo "1888"]
[BlackElo "2385"]
[Annotator "RC"]
[PlyCount "58"]
[EventDate "2024.03.23"]
[EventType "swiss"]
[EventCountry "ESP"]
[SourceTitle "playchess.com"]
[Source "ChessBase"]
[SourceQuality "1"]
[TimeControl "5400+30"]

1. d4 Nf6 2. c4 e6 3. Nf3 b6 4. g3 Ba6 5. b3 Bb4+ 6. Bd2 Be7 7. Bg2 c6 8. O-O d5 9. cxd5 cxd5 10. Ne5 Nfd7 11. Nxd7 Qxd7 12. Re1 Nc6 13. e3 Rc8 14. a3 O-O 15. Nc3 Na5 16. Bf1 Bxf1 17. Rxf1 Rc7 18. Qb1 Rfc8 19. Qb2 h5 20. h4 e5 21. Rac1 exd4 22. exd4 Qf5 23. Bf4 Rc6 24. Rfe1 Bxh4 25. Re5 Qg4 26. Ne2 Rxc1+ 27. Bxc1 Bf6 28. Re3 h4 29. f3 Qg6 0-1